 Dungeon Crawl Stone Soup version 0.28.0-43-g3370ac3207 (webtiles) character file.

Game seed: 11694686422182547037

1083 styxcanada the Magician (level 8, -6/42 HPs)
             Began as a Deep Elf Fire Elementalist on Feb 28, 2022.
             Was an Initiate of Vehumet.
             Mangled by a yak (7 damage)
             ... on level 4 of the Dungeon on Mar 1, 2022.
             The game lasted 00:20:50 (4839 turns).

styxcanada the Magician (DEFE)                      Turns: 4839, Time: 00:20:51

Health: -6/42      AC:  5    Str: 13    XL:     8   Next: 8%
Magic:  9/19       EV: 13    Int: 29    God:    Vehumet [......]
Gold:   168        SH:  0    Dex: 19    Spells: 9/19 levels left

rFire   . . .      SeeInvis .   s - +5 falchion of Reucioll {freeze, Dex+4}
rCold   . . .      Faith    .   (no shield)
rNeg    . . .      Spirit   .   b - +0 leather armour
rPois   .          Reflect  .   (no helmet)
rElec   .          Harm     .   i - +1 cloak
rCorr   .          Rampage  .   (no gloves)
Will    .....                   (no boots)
Stlth   +++.......              r - amulet of the acrobat
HPRegen 0.00/turn               d - +6 ring of strength
MPRegen 0.16/turn               j - +6 ring of intelligence

@: inhibited regen
A: inhibited regeneration, strong 1
a: Renounce Religion


You were on level 4 of the Dungeon.
You worshipped Vehumet.
Vehumet was noncommittal.
You visited 2 branches of the dungeon, and saw 6 of its levels.

You collected 168 gold pieces.

Inventory:

Hand Weapons
 c - a +1 dagger of protection
 l - a +0 hunting sling
 s - the +5 falchion of Reucioll (weapon) {freeze, Dex+4}
   (You found it on level 5 of the Dungeon)

   It freezes those it strikes, dealing additional cold damage.
   It can also slow down cold-blooded creatures.
   Dex:       It affects your dexterity (+4).
 t - a +2 war axe of venom
Missiles
 a - 143 stones
 f - 6 boomerangs
 k - 5 atropa-tipped darts (quivered)
 m - 12 sling bullets
Armour
 b - a +0 leather armour (worn)
 i - a +1 cloak (worn)
Magical Staves
 e - a staff of air
Jewellery
 d - a +6 ring of strength (left hand)
 j - a +6 ring of intelligence (right hand)
 r - an amulet of the acrobat (around neck)
Wands
 o - a wand of mindburst (20)
 p - a wand of paralysis (8)
Scrolls
 g - 4 scrolls of identify
 h - 2 scrolls of enchant weapon
 q - 2 scrolls of immolation
Potions
 n - a potion of haste


   Skills:
 + Level 0.4 Fighting
 + Level 0.7(0.9) Short Blades
 + Level 0.3(0.6) Long Blades
 * Level 2.4 Armour
 + Level 3.4 Dodging
 * Level 5.9 Stealth
 + Level 6.0 Spellcasting
 + Level 2.1 Conjurations
 + Level 5.5 Fire Magic
 * Level 4.2 Evocations


You had 9 spell levels left.
You knew the following spells:

 Your Spells              Type           Power      Damage    Failure   Level
a - Foxfire               Conj/Fire      100%       2x1d9     1%          1
b - Scorch                Fire           82%        2d9       1%          2
c - Conjure Flame         Conj/Fire      31%        6-21      4%          3
d - Flame Wave            Conj/Fire      31%        2d8       14%         4

Your spell library contained the following spells:

 Spells                   Type           Power      Damage    Failure   Level
 Inner Flame              Hex/Fire       24%        N/A       7%          3
 Animate Dead             Necr           4%         N/A       56%         4
 Haunt                    Necr/Summ      4%         N/A       100%        7
 Infestation              Necr           4%         N/A       100%        8


Dungeon Overview and Level Annotations

Branches:
Dungeon (5/15)             Temple (1/1) D:4

Altars:
Ashenzari
Cheibriados
Elyvilon
Fedhas
Gozag
Hepliaklqana
Makhleb
Okawaru
Qazlal
Ru
Sif Muna
Uskayaw
Vehumet
Wu Jian
Xom
Yredelemnul
Zin
The Shining One


Innate Abilities, Weirdness & Mutations

You do not regenerate when monsters are visible.
Your muscles are strong. (Str +2)


Message History

You slash the iguana! You freeze the iguana.
The iguana is severely wounded.
The iguana bites you but does no damage.
You hit the iguana.
The iguana seems to slow down.
You freeze the iguana.
The iguana is almost dead.
You hit the iguana.
The iguana seems to slow down.
You freeze the iguana.
You kill the iguana!
Vehumet accepts your kill.
Your Spellcasting skill increases to level 6!
You hit the yak. You freeze the yak.
The yak is moderately wounded.
The yak gores you but does no damage.
You slash the yak! You freeze the yak.
The yak is heavily wounded.
The yak misses you. The yak closely misses you. x2
You hit the yak. You freeze the yak.
The yak is severely wounded.
The yak closely misses you. The yak barely misses you.
You hit the yak. You freeze the yak.
The yak is severely wounded.
The yak gores you but does no damage. The yak gores you!
* * * LOW HITPOINT WARNING * * *
The yak barely misses you. The yak barely misses you. The yak misses you.
There is a stone staircase leading up here.
The yak closely misses you.
You climb upwards.
There is a stone staircase leading down here.
Casting: Scorch (safe; 1% risk of failure)
Confirm with . or Enter, or press ? or * to list all spells.
Flames lash the yak.
The yak is moderately wounded.
The yak's fire resistance burns away.
The yak misses you.
Casting: Scorch (safe; 1% risk of failure)
Confirm with . or Enter, or press ? or * to list all spells.
Flames lash the yak.
The yak is burned terribly!
The yak is almost dead.
The yak gores you!
You die...

#
#............#
#......... #
#....###.....#
#.........
#....# #...###
##########
#....# ##..# #
#....# #.[# #
###### #..# #
##.# # #Y# #
#@# # ### # #


You could see a yak (combustible).

Vanquished Creatures
  The ghost of axecop the Chopper, an amateur HOAK of Lugonu (D:3)
  A yak (D:5)
  The ghost of RascalDebosk the Conjurer, an amateur DrCj (D:3)
  A necrophage (D:4)
  A phantom (D:4)
  2 bullfrogs
  A hound (D:4)
  2 orc priests
  A bullfrog skeleton (D:4)
  2 iguanas
  3 adders
  A worm (D:5)
  5 dart slugs
  19 orcs
  9 bats
  6 endoplasms
  7 hobgoblins
  5 kobolds
  4 quokkas
  8 ball pythons
  2 frilled lizards
  5 rats
87 creatures vanquished.

Vanquished Creatures (others)
  134 foxfires
134 creatures vanquished.

Grand Total: 221 creatures vanquished

Notes
Turn   | Place    | Note
-------+----------+-------------------------------------------
     0 | D:1      | styxcanada the Deep Elf Fire Elementalist began the quest
                  | for the Orb.
     0 | D:1      | Reached XP level 1. HP: 10/10 MP: 6/6
   170 | D:1      | Reached XP level 2. HP: 15/15 MP: 6/8
  1184 | D:2      | Reached XP level 3. HP: 14/19 MP: 4/9
  1187 | D:2      | Learned a level 2 spell: Scorch
  1847 | D:2      | Found a faded altar of an unknown god.
  2126 | D:3      | Learned a level 3 spell: Conjure Flame
  2155 | D:3      | Reached XP level 4. HP: 22/24 MP: 5/11
  2175 | D:3      | Reached skill level 1 in Evocations
  2943 | D:3      | Reached XP level 5. HP: 28/28 MP: 7/12
  3032 | D:4      | Reached skill level 1 in Armour
  3032 | D:4      | Reached skill level 4 in Spellcasting
  3043 | D:4      | Found a snail-covered altar of Cheibriados.
  3358 | D:4      | Noticed a necrophage
  3371 | D:4      | Killed a necrophage
  3372 | D:4      | Reached XP level 6. HP: 19/32 MP: 6/14
  3616 | D:4      | Found a staircase to the Ecumenical Temple.
  3625 | Temple   | Entered the Ecumenical Temple
  3764 | Temple   | Became a worshipper of Vehumet
  3834 | D:4      | Learned a level 4 spell: Flame Wave
  4036 | D:4      | Found a runed translucent gate.
  4037 | D:4      | Found a runed translucent gate.
  4038 | D:4      | Found a runed translucent gate.
  4041 | D:4      | Noticed RascalDebosk's ghost (amateur DrCj)
  4041 | D:4      | Noticed axecop's ghost (amateur HOAK)
  4043 | D:4      | Gained mutation: You do not regenerate when monsters are
                  | visible. [potion of mutation]
  4043 | D:4      | Gained mutation: Your muscles are strong. (Str +2) [potion
                  | of mutation]
  4396 | D:3      | Killed RascalDebosk's ghost
  4397 | D:3      | Reached skill level 5 in Spellcasting
  4397 | D:3      | Reached skill level 5 in Fire Magic
  4397 | D:3      | Reached XP level 7. HP: 24/36 MP: 1/16
  4403 | D:3      | Killed axecop's ghost
  4404 | D:3      | Reached skill level 5 in Stealth
  4554 | D:5      | Entered Level 5 of the Dungeon
  4583 | D:5      | Identified the +5 falchion of Reucioll {freeze, Dex+4}
  4789 | D:5      | Noticed a yak
  4793 | D:5      | Noticed a yak
  4804 | D:5      | Noticed a yak
  4816 | D:5      | Killed a yak
  4817 | D:5      | Reached XP level 8. HP: 14/42 MP: 9/18
  4821 | D:5      | Reached skill level 6 in Spellcasting
  4824 | D:5      | HP: 1/42 [yak (13)]
  4839 | D:4      | Mangled by a yak

Illustrated notes

Levels and vault maps discovered:
D:1:      lightli_molten_gateway, layout_basic
D:2:      layout_loops_ring, shapermc_ecumenical_altar_mp_vishouse
D:3:      layout_rooms, minmay_misc_feat_tiny
D:4:      layout_basic, cheibriados_altar_1, minmay_temple_entry_waves,
          gammafunk_ghost_cemetery
D:5:      layout_cave_pools
Temple:   mainiacjoe_temple_hex_bubbles

Skill      XL: |  1  2  3  4  5  6  7  8 |
---------------+-------------------------+-----
Stealth        | 3 4 5 |  5.9
Evocations     | 1 3 4 |  4.2
Fire Magic     | 4 5 |  5.5
Armour         | 1 2 |  2.4
Spellcasting   | 4 5 6 |  6.0
Dodging        | 3 |  3.4
Conjurations   | 2 |  2.1
Fighting       | |  0.4
Short Blades   | |  0.7
Long Blades    | |  0.3

Action                   |  1- 3 |  4- 6 |  7- 9 || total
-------------------------+-------+-------+-------++-------
Melee: Dagger            |    20 |    41 |     4 ||    65
       Falchion          |       |       |    13 ||    13
Throw: Dart              |       |     1 |       ||     1
 Cast: Foxfire           |    41 |    29 |    11 ||    81
       Scorch            |     6 |    32 |    10 ||    48
       Conjure Flame     |       |     1 |       ||     1
Evoke: Wand              |       |       |     1 ||     1
  Use: Scroll            |     6 |     2 |       ||     8
       Potion            |       |     2 |       ||     2
 Stab: Sleeping          |     7 |     3 |       ||    10
       Invisible         |       |     1 |       ||     1
       Paralysed         |       |       |     4 ||     4
Armor: Leather armour    |    10 |    10 |     3 ||    23
Dodge: Dodged            |    22 |    45 |    17 ||    84
